 Dungeon Crawl Stone Soup version 0.30-a0-462-gd5975efbca (webtiles) character file.

Game seed: 149134154964619359

33 NinjaNoafa the Charlatan (level 3, -6/26 HPs)
             Began as a Human Artificer on Dec 17, 2022.
             Killed from afar by an orc wizard (10 damage)
             ... with a magic dart
             ... on level 3 of the Dungeon.
             The game lasted 00:03:43 (1695 turns).

NinjaNoafa the Charlatan (Human Artificer)          Turns: 1695, Time: 00:03:43

Health: -6/26      AC:  6    Str: 14    XL:     3   Next: 47%
Magic:  3/3        EV:  9    Int: 11    God:
Gold:   45         SH:  0    Dex: 13    Spells: 2/2 levels left

rFire   . . .      SeeInvis .    j - +0 hand axe
rCold   . . .      Faith    .    (no shield)
rNeg    . . .      Spirit   .    m - +0 scale mail
rPois   .          Reflect  .    (no helmet)
rElec   .          Harm     .    (no cloak)
rCorr   .          Rampage  .    (no gloves)
Will    .....                    (no boots)
Stlth   ..........               (no amulet)
HPRegen 0.24/turn                (no ring)
MPRegen 0.08/turn                (no ring)

@: no status effects
A: no striking features
a: no special abilities


You were on level 3 of the Dungeon.
You visited 1 branch of the dungeon, and saw 3 of its levels.

You collected 57 gold pieces.
You spent 12 gold pieces at shops.

Inventory:

Hand Weapons
 j - a +0 hand axe (weapon)
Missiles
 f - 15 stones
 p - 5 curare-tipped darts
 r - 3 poisoned darts
 s - 3 boomerangs
Armour
 m - a +0 scale mail (worn)
Jewellery
 b - a ring of poison resistance
 v - a ring of magical power
Wands
 c - a wand of flame (15) (quivered)
 d - a wand of charming (15)
 e - a wand of iceblast (5)
Scrolls
 a - a scroll of magic mapping {unknown}
 k - 2 scrolls of identify {unknown}
 l - a scroll of teleportation {unknown}
 n - a scroll of blinking {unknown}
 o - a scroll of noise
 u - a scroll of butterflies {unknown}
Potions
 g - a potion of degeneration {unknown}
 h - a potion of berserk rage {unknown}
 i - 2 potions of flight {unknown}
 q - a potion of mutation {unknown}
 t - a potion of attraction {unknown}


   Skills:
 + Level 1.6 Fighting
 + Level 0.7 Axes
 + Level 2.4 Armour
 + Level 1.6 Dodging
 - Level 1.0 Stealth
 + Level 3.2 Evocations


You had 2 spell levels left.
You didn't know any spells.
Your spell library contained the following spells:

 Spells                   Type           Power      Damage    Failure   Level
 Gell's Gravitas          Tloc           0%         N/A       99%         3
 Lesser Beckoning         Tloc           0%         N/A       99%         3
 Teleport Other           Tloc           0%         N/A       99%         3
 Petrify                  Tmut/Erth      0%         N/A       100%        4
 Metabolic Englaciation   Hex/Ice        0%         N/A       100%        5
 Statue Form              Tmut/Erth      0%         N/A       100%        6


Dungeon Overview and Level Annotations

Branches:
Dungeon (3/15)

Altars:

Shops:
D:2 *

Annotations:
D:2 1 runed translucent door, Crazy Yiuf


Message History

The endoplasm hits you but does no damage.
The endoplasm freezes you.
You are frozen.
You hit the orc wizard but do no damage.
You hit the endoplasm. You hit the orc. The orc closely misses you.
The endoplasm freezes you.
You are frozen.
The orc wizard barely misses you.
You hit the orc wizard.
The orc wizard is moderately wounded.
You hit the endoplasm.
You kill the endoplasm!
You hit the orc but do no damage. The orc hits you with a +0 dagger.
The orc wizard hits you with a +0 dagger.
You hit the orc wizard.
The orc wizard is heavily wounded.
You hit the orc. The orc hits you but does no damage.
The orc wizard hits you but does no damage.
You hit the orc wizard but do no damage.
The orc wizard is heavily wounded.
You closely miss the orc. The orc hits you but does no damage.
The orc wizard casts a spell at you. The puff of flame misses you.
The orc hits you but does no damage. The orc wizard closely misses you.
You hit the orc wizard but do no damage.
The orc wizard is heavily wounded.
You hit the orc but do no damage. The orc hits you with a +0 dagger.
The orc wizard hits you with a +0 dagger.
You hit the orc but do no damage.
The orc is moderately wounded.
You hit the orc wizard but do no damage.
The orc hits you but does no damage.
The orc wizard gestures at you while chanting.
The magic dart hits you!
* * * LOW HITPOINT WARNING * * *
You hit the orc wizard but do no damage.
The orc wizard is heavily wounded.
You hit the orc but do no damage. The orc hits you but does no damage.
The orc wizard casts a spell at you. The magic dart hits you!
You die...

...... ......
..$...###........(.
..................
.................
#...............
#..............
#.............
#...@o....####.oo
#...o†........#
#########.###.# #.#
#.# #.# #.# #<# ###


You could see an orc wizard and an orc.

Vanquished Creatures
  7 ball pythons
  3 endoplasms
  A giant cockroach (D:2)
  7 goblins
  2 hobgoblins (D:2)
  2 kobolds (D:2)
  2 bats
  A frilled lizard (D:1)
  4 rats
29 creatures vanquished.

Notes
Turn   | Place    | Note
-------+----------+-------------------------------------------
     0 | D:1      | NinjaNoafa the Human Artificer began the quest for the Orb.
     0 | D:1      | Reached XP level 1. HP: 15/15 MP: 1/1
   201 | D:1      | Reached XP level 2. HP: 17/21 MP: 2/2
   747 | D:2      | Found Joxticifi's General Store.
   767 | D:2      | Bought a scroll of noise for 12 gold pieces
   892 | D:2      | Reached XP level 3. HP: 18/26 MP: 3/3
  1125 | D:2      | Found a runed translucent door.
  1126 | D:2      | Noticed Crazy Yiuf
  1695 | D:3      | Killed from afar by an orc wizard

Illustrated notes

Levels and vault maps discovered:
D:1:      elethiomel_arrival_shortcut, layout_loops_ring
D:2:      layout_basic, serial_shops, nicolae_shop_waterfront,
          uniq_crazy_yiuf_cottage
D:3:      layout_basic, chequers_temple_overflow_statue_of_worship,
          shapermc_ecumenical_altar_hornbeckon

Action                   || total
-------------------------++-------
Melee: Club              ||    13
       Hand axe          ||    85
       Punch             ||     1
  Use: Scroll            ||     1
Armor: Leather armour    ||    11
       Scale mail        ||    36
Dodge: Dodged            ||    56

Table legend: (Time is in decaauts)
 A = Elapsed time spent in this place.
 B = Non-inter-level travel time spent in this place.
 C = Inter-level travel time spent in this place.
 D = Time resting spent in this place.
 E = Time spent auto-exploring this place.
 F = Levels seen in this place.
 G = Mean time per level.
                   A        B        C        D        E       F      G
               +--------+--------+--------+--------+--------+-----+--------+
         Total |   1720 |   1577 |    143 |      0 |   1286 |   3 |  573.3 |
       Dungeon |   1720 |   1577 |    143 |      0 |   1286 |   3 |  573.3 |
               +--------+--------+--------+--------+--------+-----+--------+

Top non-repeatable levels by time:
     D:2: 917 daAuts
     D:1: 776 daAuts
     D:3: 26 daAuts
